 Dungeon Crawl Stone Soup version 0.26.1-11-gd32895ea62 (webtiles) character file.

Game seed: 15187710643776340215

6586 MisterFreud the Fighter (level 11, -2/87 HPs)
             Began as a Gnoll Abyssal Knight on May 8, 2021.
             Was a High Priest of Lugonu.
             Slain by a two-headed ogre
             ... wielding a +0 giant club
              (7 damage)
             ... on level 9 of the Dungeon.
             The game lasted 00:22:03 (13100 turns).

MisterFreud the Fighter (Gnoll Abyssal Knight)     Turns: 13100, Time: 00:22:04

Health: -2/87      AC:  7    Str: 15    XL:     11   Next: 1%
Magic:  19/19      EV: 19    Int: 17    God:    Lugonu [*****.]
Gold:   75         SH:  0    Dex: 15    Spells: 21/21 levels left

rFire    . . .     SeeInvis +   y - +3 dagger (venom)
rCold    . . .     Faith    .   (no shield)
rNeg     . . .     Spirit   .   P - +0 leather armour of the Evil One {Slay+3} (curse)
rPois    .         Reflect  .   E - +0 helmet
rElec    .         Harm     +   Q - scarf {harm}
rCorr    .         Rampage  .   c - +1 pair of gloves
Will     .....                  (no boots)
Stlth    +++.......             L - amulet of regeneration
HPRegen  0.64/turn              e - +4 ring of evasion
MPRegen  0.16/turn              N - ring of see invisible

@: lethally poisoned (-2 -> -6)
A: distributed training, fangs 1, strong nose
a: Renounce Religion, Depart the Abyss, Bend Space, Banish, Corrupt, Enter the
Abyss


You were on level 9 of the Dungeon.
You worshipped Lugonu.
Lugonu was extremely pleased with you.
You visited 2 branches of the dungeon, and saw 10 of its levels.
You visited the Abyss 1 time.

You collected 555 gold pieces.
You spent 480 gold pieces at shops.

Inventory:

Hand Weapons
 a - a +1 short sword
 h - a +1 whip of venom
 y - a +3 dagger of venom (weapon)
 J - a +2 dagger of holy wrath
 K - the +0 falchion of the Jumping Seer {speed, rN+}
   (You found it on level 8 of the Dungeon)

   Attacks with this weapon are significantly faster.
   It protects you from negative energy.
Missiles
 f - 259 stones
 i - 192 arrows
 j - 27 boomerangs
 r - 70 sling bullets
 s - 74 bolts
 v - 28 poisoned darts
Armour
 b - a +0 leather armour
 c - a +1 pair of gloves (worn)
 E - a +0 helmet (worn)
 P - the cursed +0 leather armour of the Evil One (worn) {Slay+3}
   (You found it on level 8 of the Dungeon)

   It affects your accuracy and damage with ranged weapons and melee attacks
   (+3).
   It has a curse placed upon it.
 Q - a scarf of harm (worn)
Jewellery
 e - a +4 ring of evasion (left hand)
 w - an uncursed ring of flight
 A - an uncursed amulet of reflection
 D - an uncursed ring of positive energy
 L - an amulet of regeneration (around neck)
 N - a ring of see invisible (right hand)
Wands
 z - a wand of enslavement (10)
Scrolls
 d - 3 scrolls of immolation
 k - a scroll of fog {unknown}
 l - 2 scrolls of enchant armour
 n - a scroll of blinking {unknown}
 p - 4 scrolls of remove curse
 q - 2 scrolls of fear
 u - 4 scrolls of amnesia {unknown}
 x - 2 scrolls of enchant weapon
 G - 5 scrolls of teleportation {unknown}
Potions
 g - 3 potions of mutation
 m - a potion of attraction
 o - 2 potions of brilliance
 t - a potion of cancellation
 B - a potion of magic
 C - a potion of lignification
 F - a potion of ambrosia
 H - 2 potions of haste
 M - a potion of resistance {unknown}
Miscellaneous
 I - a condenser vane
 O - a phantom mirror (inert)


   Skills:
 + Level 8.9 Fighting
 + Level 7.5 Short Blades
 + Level 5.8 Long Blades
 + Level 5.8 Axes
 + Level 5.8 Maces & Flails
 + Level 5.8 Polearms
 + Level 5.8 Staves
 + Level 5.8 Slings
 + Level 5.8 Bows
 + Level 5.8 Crossbows
 + Level 5.8 Throwing
 + Level 7.5 Armour
 + Level 6.4 Dodging
 + Level 5.8 Stealth
 + Level 5.8 Shields
 + Level 5.8 Unarmed Combat
 + Level 5.8 Spellcasting
 + Level 4.8 Conjurations
 + Level 4.8 Hexes
 + Level 4.8 Summonings
 + Level 4.8 Necromancy
 + Level 4.8 Translocations
 + Level 4.8 Transmutations
 + Level 4.8 Fire Magic
 + Level 4.8 Ice Magic
 + Level 4.8 Air Magic
 + Level 4.8 Earth Magic
 + Level 4.8 Poison Magic
 + Level 8.0 Invocations
 + Level 5.8 Evocations


You had 21 spell levels left.
You didn't know any spells.
Your spell library was empty.

Dungeon Overview and Level Annotations

Branches:
Dungeon (9/15)             Temple (1/1) D:7
   Lair: D:8-11         Orc: D:9-12

Altars:
Ashenzari
Cheibriados
Elyvilon
Kikubaaqudgha
Nemelex Xobeh
Okawaru
Qazlal
Sif Muna
Wu Jian
Yredelemnul

Shops:
D:5 :}:(=

Annotations:
D:8 2 runed translucent doors, 1 exclusion


Innate Abilities, Weirdness & Mutations

Your experience applies equally to all skills.
You have very sharp teeth.
Your uncanny sense of smell can sniff out nearby items.


Message History

You completely miss the two-headed ogre.
You bite the two-headed ogre, but do no damage.
The two-headed ogre is lightly wounded.
You feel sick.
The two-headed ogre hits you with a +0 giant club!!
* * * LOW HITPOINT WARNING * * *
The two-headed ogre completely misses you.
Unknown command.
Unknown command.
Aiming: Phantom Mirror
Press: ? - help, Dir - move target, f - two-headed ogre
Aim: a two-headed ogre, wielding a +0 giant club and a +0 giant spiked club (very poisoned)
You reflect the two-headed ogre with the mirror!
The mirror clouds!
You feel sick.
Your two-headed ogre hits the two-headed ogre with a +0 giant club!!
Your two-headed ogre hits the two-headed ogre with a +0 giant spiked club.
The two-headed ogre hits you with a +0 giant club!
* * * LOW HITPOINT WARNING * * *
The two-headed ogre hits you with a +0 giant spiked club.
You die...

#. #.# ### ... #.#
#?. ....##†## #>#
∆ ..≈.h...###.#
..≈.../..##.#
≈≈≈.....[.#.######
≈...........y†..O#
≈.......O.#.####O#
≈≈;......##.# #@#
≈≈..#...###.# #.#
≈≈;.#####...# #.#
≈≈.. #.### #.#
###.######.#
#..........#
#<#.########
#.#... ∆ #.#####


You could see a two-headed ogre (very poisoned) and a friendly two-headed ogre
(summoned, very poisoned, drained).

Vanquished Creatures
  A two-headed ogre (D:8)
  Prince Ribbit (D:9)
  A hornet (D:7)
  A wraith (D:8)
  Sigmund (D:2)
  A wyvern (D:8)
  Grum (D:8)
  A water moccasin (D:8)
  2 black bears
  7 orc warriors
  A sky beast (D:5)
  3 ice beasts
  A phantom (D:6)
  5 ogres
  2 centaurs
  3 wolves
  2 bullfrogs
  A wyvern zombie (D:8)
  2 scorpions
  4 killer bees (D:9)
  11 wights
  A quasit (D:8)
  4 jellies
  14 orc priests
  3 hounds
  9 orc wizards
  4 iguanas
  A bullfrog skeleton (D:6)
  Terence (D:2)
  7 worker ants
  2 hound zombies
  A worker ant zombie (D:7)
  13 adders
  A howler monkey skeleton (D:8)
  A white imp (D:8)
  6 ufetubi
  2 adder zombies (D:6)
  4 adder skeletons
  3 worms
  2 dart slugs
  6 leopard geckos
  46 orcs
  2 ball pythons (D:1)
  6 giant cockroaches
  8 goblins
  5 hobgoblins
  2 jackals (D:7)
  3 quokkas
  8 bats
  7 frilled lizards
  A giant cockroach zombie (D:5)
  2 jackal skeletons
  9 kobolds
  A quokka skeleton (D:4)
  4 rats
241 creatures vanquished.

Notes
Turn   | Place    | Note
-------+----------+-------------------------------------------
     0 | Abyss:1  | MisterFreud the Gnoll Abyssal Knight began the quest for
                  | the Orb.
     0 | Abyss:1  | Reached XP level 1. HP: 23/23 MP: 3/3
     8 | D:1      | Escaped the Abyss
   223 | D:1      | Reached XP level 2. HP: 26/29 MP: 5/5
   854 | D:1      | Reached ** piety under Lugonu
   910 | D:1      | Reached XP level 3. HP: 33/35 MP: 6/6
  1109 | D:2      | Found a faded altar of an unknown god.
  1580 | D:2      | Noticed Sigmund
  1600 | D:2      | Killed Sigmund
  1601 | D:2      | Reached skill level 1 in Long Blades
  1601 | D:2      | Reached skill level 1 in Axes
  1601 | D:2      | Reached skill level 1 in Maces & Flails
  1601 | D:2      | Reached skill level 1 in Polearms
  1601 | D:2      | Reached skill level 1 in Staves
  1601 | D:2      | Reached skill level 1 in Slings
  1601 | D:2      | Reached skill level 1 in Bows
  1601 | D:2      | Reached skill level 1 in Crossbows
  1601 | D:2      | Reached skill level 1 in Throwing
  1601 | D:2      | Reached skill level 1 in Stealth
  1601 | D:2      | Reached skill level 1 in Shields
  1601 | D:2      | Reached skill level 1 in Unarmed Combat
  1601 | D:2      | Reached skill level 1 in Spellcasting
  1601 | D:2      | Reached skill level 1 in Conjurations
  1601 | D:2      | Reached skill level 1 in Hexes
  1601 | D:2      | Reached skill level 1 in Summonings
  1601 | D:2      | Reached skill level 1 in Necromancy
  1601 | D:2      | Reached skill level 1 in Translocations
  1601 | D:2      | Reached skill level 1 in Transmutations
  1601 | D:2      | Reached skill level 1 in Fire Magic
  1601 | D:2      | Reached skill level 1 in Ice Magic
  1601 | D:2      | Reached skill level 1 in Air Magic
  1601 | D:2      | Reached skill level 1 in Earth Magic
  1601 | D:2      | Reached skill level 1 in Poison Magic
  1601 | D:2      | Reached skill level 1 in Evocations
  1601 | D:2      | Reached XP level 4. HP: 9/41 MP: 7/7
  1601 | D:2      | Reached XP level 5. HP: 11/47 MP: 8/8
  1976 | D:2      | Reached skill level 5 in Invocations
  1976 | D:2      | Reached XP level 6. HP: 30/53 MP: 9/9
  2331 | D:2      | Noticed Terence
  2341 | D:2      | Killed Terence
  2755 | D:3      | Found a broken altar of Ashenzari.
  2829 | D:3      | Reached skill level 5 in Short Blades
  2829 | D:3      | Reached skill level 5 in Armour
  3473 | D:3      | Found a white marble altar of Elyvilon.
  3997 | D:4      | Found a sparkling altar of Nemelex Xobeh.
  4093 | D:4      | Reached XP level 7. HP: 42/59 MP: 10/10
  4486 | D:4      | Reached *** piety under Lugonu
  4569 | D:4      | HP: 2/60 [orc/+0 whip (5)]
  4587 | D:4      | HP: 1/60 [orc priest/divine providence (11)]
  5204 | D:5      | Entered Level 5 of the Dungeon
  5204 | D:5      | Found Koq Fedef's Book Boutique.
  5287 | D:5      | Found Cojon's Antique Weapon Emporium.
  5300 | D:5      | Found Orheirag's Jewellery Shop.
  5310 | D:5      | Reached XP level 8. HP: 67/67 MP: 12/12
  5635 | D:5      | Found an ornate altar of the Wu Jian Council.
  5811 | D:5      | Found Woxen's Gadget Boutique.
  5819 | D:5      | Found Zupheqat's Book Emporium.
  6672 | D:6      | Reached XP level 9. HP: 70/72 MP: 14/14
  6688 | D:6      | Reached **** piety under Lugonu
  7505 | D:6      | Reached skill level 5 in Dodging
  8259 | D:7      | Noticed a hornet
  8262 | D:7      | Found a staircase to the Ecumenical Temple.
  8268 | D:7      | Paralysed by a hornet for 3 turns
  8274 | D:7      | Killed a hornet
  8621 | Temple   | Entered the Ecumenical Temple
  9303 | D:7      | Reached ***** piety under Lugonu
  9416 | D:7      | Noticed a hornet
  9450 | D:7      | Banished a hornet
  9451 | D:7      | Reached XP level 10. HP: 80/80 MP: 12/17
  9509 | D:7      | Found a white marble altar of Elyvilon.
  9716 | D:7      | Reached skill level 5 in Long Blades
  9716 | D:7      | Reached skill level 5 in Axes
  9716 | D:7      | Reached skill level 5 in Maces & Flails
  9716 | D:7      | Reached skill level 5 in Polearms
  9716 | D:7      | Reached skill level 5 in Staves
  9716 | D:7      | Reached skill level 5 in Slings
  9716 | D:7      | Reached skill level 5 in Bows
  9716 | D:7      | Reached skill level 5 in Crossbows
  9716 | D:7      | Reached skill level 5 in Throwing
  9716 | D:7      | Reached skill level 5 in Stealth
  9716 | D:7      | Reached skill level 5 in Shields
  9716 | D:7      | Reached skill level 5 in Unarmed Combat
  9716 | D:7      | Reached skill level 5 in Spellcasting
  9716 | D:7      | Reached skill level 5 in Evocations
 10481 | D:5      | Bought a condenser vane for 480 gold pieces
 11089 | D:8      | Found a large runed translucent door.
 11090 | D:8      | Found a large runed translucent door.
 11094 | D:8      | Found a large runed translucent door.
 11094 | D:8      | Found a large runed translucent door.
 11430 | D:8      | Noticed a two-headed ogre
 11463 | D:8      | Killed a two-headed ogre
 11860 | D:8      | Noticed Grum
 11900 | D:8      | Killed Grum
 12070 | D:8      | Got a jewelled falchion
 12071 | D:8      | Identified the cursed +0 falchion of the Jumping Seer
                  | {speed, rN+} (You found it on level 8 of the Dungeon)
 12224 | D:8      | Found a shimmering blue altar of Sif Muna.
 12956 | D:8      | Got a jasper-studded leather armour
 12967 | D:8      | Identified the cursed +0 leather armour of the Evil One
                  | {Slay+3} (You found it on level 8 of the Dungeon)
 13018 | D:9      | Noticed Prince Ribbit
 13025 | D:9      | Killed Prince Ribbit
 13026 | D:9      | Noticed a two-headed ogre
 13093 | D:9      | Reached XP level 11. HP: 69/87 MP: 19/19
 13100 | D:9      | Slain by a two-headed ogre

Illustrated notes

Levels and vault maps discovered:
D:1:      scummos_arrival_star, layout_basic, hex_large, minivault_24,
          minmay_tetromino_t2
D:2:      cheibrodos_pilgrimage, layout_loops_corners,
          chequers_ecumenical_altar_island, uniq_sigmund, uniq_terence
D:3:      cheibrodos_helix_gallery, layout_loops_ring,
          nicolae_ashenzari_panopticon, elyvilon_altar_1
D:4:      layout_loops_ring, lemuel_crystal_altar
D:5:      layout_rooms, nicolae_overflow_hidden_temple, serial_shops,
          nicolae_shop_stone, nicolae_shop_stone, nicolae_shop_waterfront, shop,
          shop, basic_altar
D:6:      layout_basic
D:7:      layout_basic, lemuel_coloured_pillars_altar,
          minmay_temple_entry_proselytizer, supply_closet_lemuel
D:8:      layout_cave_pools, led_sif_book, minmay_hollow_rounded_squares,
          uniq_grum
D:9:      layout_loops_ring, lemuel_doored_altar, erik_lair_island,
          uniq_prince_ribbit1
Temple:   eino_temple_rhombus

Skill      XL: |  1  2  3  4  5  6  7  8  9 10 11 |
---------------+----------------------------------+-----
Long Blades    | 1 2 3 4 5 |  5.8
Axes           | 1 2 3 4 5 |  5.8
Maces & Flails | 1 2 3 4 5 |  5.8
Polearms       | 1 2 3 4 5 |  5.8
Staves         | 1 2 3 4 5 |  5.8
Slings         | 1 2 3 4 5 |  5.8
Bows           | 1 2 3 4 5 |  5.8
Crossbows      | 1 2 3 4 5 |  5.8
Throwing       | 1 2 3 4 5 |  5.8
Dodging        | 3 4 5 6 |  6.4
Stealth        | 1 2 3 4 5 |  5.8
Shields        | 1 2 3 4 5 |  5.8
Unarmed Combat | 1 2 3 4 5 |  5.8
Spellcasting   | 1 2 3 4 5 |  5.8
Conjurations   | 1 2 3 4 |  4.8
Hexes          | 1 2 3 4 |  4.8
Summonings     | 1 2 3 4 |  4.8
Necromancy     | 1 2 3 4 |  4.8
Translocations | 1 2 3 4 |  4.8
Transmutations | 1 2 3 4 |  4.8
Fire Magic     | 1 2 3 4 |  4.8
Ice Magic      | 1 2 3 4 |  4.8
Air Magic      | 1 2 3 4 |  4.8
Earth Magic    | 1 2 3 4 |  4.8
Poison Magic   | 1 2 3 4 |  4.8
Evocations     | 1 2 3 4 5 |  5.8
Invocations    | 5 6 7 8 |  8.0
Short Blades   | 5 6 7 |  7.5
Armour         | 5 6 7 |  7.5
Fighting       | 7 8 |  8.9

Action                   |  1- 3 |  4- 6 |  7- 9 | 10-12 || total
-------------------------+-------+-------+-------+-------++-------
Melee: Short sword       |    49 |       |       |       ||    49
       Bite              |    10 |    17 |    85 |    64 ||   176
       Whip              |    40 |    79 |       |       ||   119
       Dagger            |       |    73 |   565 |   389 ||  1027
       Punch             |       |     2 |    11 |    12 ||    25
Invok: Banish            |       |       |     1 |       ||     1
Evoke: Wand              |       |       |     1 |       ||     1
       Phantom mirror    |       |       |       |     1 ||     1
  Use: Scroll            |       |    10 |     5 |     1 ||    16
       Potion            |       |       |     3 |       ||     3
 Stab: Sleeping          |     1 |     4 |     2 |     6 ||    13
       Distracted        |       |       |     1 |       ||     1
Armor: Leather armour    |    36 |    30 |    69 |    42 ||   177
Dodge: Dodged            |    54 |    85 |   335 |   230 ||   704
Block: Other             |       |       |    95 |    65 ||   160
       Reflection        |       |       |     2 |     1 ||     3
